 Dungeon Crawl Stone Soup version 0.21-a0-633-g4c047d5f35 (webtiles) character file.

355 Cheet4h the Slasher (level 6, -3/51 HPs)
             Began as a Draconian Berserker on Dec 28, 2017.
             Was a Believer of Trog.
             Splashed by a jelly's acid (9 damage)
             ... on level 3 of the Dungeon.
             The game lasted 00:05:39 (2771 turns).

Cheet4h the Slasher (Draconian Berserker)           Turns: 2771, Time: 00:05:40

Health: -3/51      AC: -1    Str: 20    XL:     6   Next: 36%
Magic:  6/6        EV: 13    Int:  8    God:    Trog [**....]
Gold:   114        SH:  0    Dex: 11    Spells: 5/5 levels left

rFire    . . .     SeeInvis .   a - +0 falchion
rCold    . . .     Gourm    .   (no shield)
rNeg     . . .     Faith    .   (armour unavailable)
rPois    .         Spirit   .   h - +1 hat
rElec    .         Reflect  .   (no cloak)
rCorr    .         Harm     .   (no gloves)
MR       ++...                  (no boots)
Stlth    +.........             (no amulet)
HPRegen  1.17/turn              (no ring)
MPRegen  0.10/turn              (no ring)

@: corroded, regenerating
A: unfitting armour, cold-blooded, AC +6
a: Berserk, Trog's Hand, Burn Spellbooks, Renounce Religion


You were on level 3 of the Dungeon.
You worshipped Trog.
Trog was pleased with you.
You were very hungry.

You visited 1 branch of the dungeon, and saw 3 of its levels.

You collected 114 gold pieces.

Inventory:

Hand Weapons
 a - a +0 falchion (weapon)
Armour
 h - a +1 hat (worn)
Wands
 i - a wand of random effects (35)
Scrolls
 c - 2 scrolls of teleportation
 e - 2 scrolls of remove curse
Potions
 d - 2 potions of invisibility
 f - 2 potions of berserk rage
 g - 2 potions of curing
 j - a potion of heal wounds
Comestibles
 b - 3 rations


   Skills:
 + Level 3.5 Fighting
 * Level 7.1 Long Blades
 + Level 2.8 Dodging


You had 5 spell levels left.
You didn't know any spells.

Dungeon Overview and Level Annotations

Branches:
Dungeon (3/15)

Altars:


Innate Abilities, Weirdness & Mutations

Your plain brown scales are hard. (AC +6)
You cannot fit into any form of body armour.
You are cold-blooded and may be slowed by cold attacks.


Message History

The jelly is heavily wounded.
The jelly closely misses you.
Your skin crawls.
You feel resistant to hostile enchantments.
You feel somewhat more hungry. The jelly closely misses you.
The jelly jiggles.
A kobold comes into view.
The kobold shouts!
There is an open door here.
You miss the kobold. The jelly hits you.
You are splashed with acid!
The acid burns!
* * * LOW HITPOINT WARNING * * *
The kobold hits you.
* * * LOW HITPOINT WARNING * * *
The kobold closely misses you.
You are feeling very hungry.
The jelly hits you.
* * * LOW HITPOINT WARNING * * *
You are splashed with acid!
The acid burns!
You die...

*,**********************,,,,,,,
***>,,,,,,,,,,* ******,*
*,,,,,,,..,,,,* *,,
*,******#.***** ###*********,#
*,* #.# #######.##.....?#*,# *,*
#.####....#.#.#.÷JP..#*,# *,*
#..##.....#.#.#.÷....#*,#
*,******#..'.....J#'#J#...P..#*,,
*,,,,,,,#..'.(..@J..#)#J....÷#*,*
#######,#..'.....K..#.#.P..PP#*..
......#,#((##.......#.#J÷....##.#
#####.#,#((###......##'.÷.P÷P##..
#.#.##.############...÷..##.#
#.#.##..####### #########[.
#.#.###.......#############.#
#.#.# ###.#.#................
#.#.# #...#.#.#......##....


You could see a jelly, an ooze and a kobold.

Vanquished Creatures
  Sigmund (D:3)
  An orc wizard (D:3)
  A jelly (D:3)
  3 adders
  A gnoll (D:1)
  7 oozes
  2 worms (D:2)
  A dart slug (D:1)
  2 leopard geckos
  3 orcs
  4 giant cockroaches
  5 goblins
  6 hobgoblins
  4 jackals (D:1)
  9 kobolds
  A quokka (D:2)
  6 bats
  2 frilled lizards
  10 rats
69 creatures vanquished.

Vanquished Creatures (others)
  A fungus (D:3)
  7 toadstools (D:3)
8 creatures vanquished.

Grand Total: 77 creatures vanquished

Notes
Turn   | Place    | Note
-------+----------+-------------------------------------------
     0 | D:1      | Cheet4h the Draconian Berserker began the quest for the Orb.
     0 | D:1      | Reached XP level 1. HP: 19/19 MP: 1/1
   178 | D:1      | Reached XP level 2. HP: 26/26 MP: 2/2
   315 | D:1      | Reached skill level 4 in Long Blades
   620 | D:1      | Reached XP level 3. HP: 11/31 MP: 3/3
  1491 | D:2      | Reached skill level 5 in Long Blades
  1491 | D:2      | Reached XP level 4. HP: 38/38 MP: 4/4
  1588 | D:2      | Reached ** piety under Trog
  2212 | D:3      | Noticed Sigmund
  2508 | D:3      | Reached XP level 5. HP: 45/45 MP: 5/5
  2646 | D:3      | Killed Sigmund
  2646 | D:3      | Reached skill level 6 in Long Blades
  2646 | D:3      | Reached XP level 6. HP: 51/51 MP: 6/6
  2731 | D:3      | Reached skill level 7 in Long Blades
  2771 | D:3      | Splashed by a jelly's acid

Vault maps used:
D:1:      tarquinn_simple_flora_water_e
D:2:      first_ration
D:3:      cheibrodos_fertilizer, uniq_sigmund

Skill      XL: |  1  2  3  4  5  6 |
---------------+-------------------+-----
Long Blades    | 4 5 6 7 |  7.1
Fighting       | |  3.5
Dodging        | |  2.8

Action                   |  1- 3 |  4- 6 || total
-------------------------+-------+-------++-------
Melee: Falchion          |   104 |   107 ||   211
       Tailslap          |    10 |    14 ||    24
Invok: Berserk           |     1 |     1 ||     2
       Trog's Hand       |       |     2 ||     2
  Use: Scroll            |     5 |     3 ||     8
 Stab: Sleeping          |     1 |       ||     1
  Eat: Chunk             |     3 |     5 ||     8
Armor: Skin              |    31 |    26 ||    57
Dodge: Dodged            |    77 |    75 ||   152
       Rpst.: Falchion   |    26 |    17 ||    43

Table legend:
 A = Spawn XP
 B = Non-spawn XP
 C = Spawn XP percentage of total XP
 D = Spawn monster count
 E = Non-spawn monster count
 F = Spawn count percentage of total count
 G = Total turns spent on level
                    A         B        C        D         E        F      G
               +---------+---------+-------+---------+---------+-------+---------
         Total |       0 |     508 |   0.0 |       0 |      69 |   0.0 |  2771
               +---------+---------+-------+---------+---------+-------+---------
           D:1 |       0 |      57 |   0.0 |       0 |      24 |   0.0 |  1049
           D:2 |       0 |      73 |   0.0 |       0 |      24 |   0.0 |  1258
           D:3 |       0 |     378 |   0.0 |       0 |      21 |   0.0 |   464
               +---------+---------+-------+---------+---------+-------+---------
